AoeStats
← HUSEINMACO

Arena

510025870Analyzed
1v1 RM · 4d ago on Sep 29, 2026· 44m 43s· 2 players
Game mode
Random Map
Map size
Tiny (2 player)
Population
200
Speed
Normal
Resources
Standard
Victory
Conquest
Starting age
Dark Age
Ending age
Imperial Age
RankedLock teamsTeams togetherTeam positionsShared explorationLock speedFull tech treeHidden civsTurbo modeCheats
Victory
Defeat
🇺🇸 Bulgarians · United States
940
+14
🇲🇽 Italians · Mexico
903
-14
jonesjm
12:38 Feudal Age
12:35 Loom
16:36 Castle Age
16:15 Horse Collar
17:44 Double-Bit Axe
19:14 Fletching
25:48 Fervor
26:53 Wheelbarrow
26:58 Elite Skirmisher
29:47 Bodkin Arrow
29:53 Padded Archer Armor
31:23 Gold Mining
34:38 Gold Shaft Mining
36:47 Imperial Age
34:36 Hand Cart
34:07 Town Watch
34:35 Heavy Plow
35:14 Thumb Ring
35:44 Leather Archer Armor
36:07 Bloodlines
35:57 Husbandry
37:07 Ballistics
37:01 Forging
36:58 Scale Barding Armor
38:14 Bow Saw
38:31 Town Patrol
38:35 Bracer
39:12 Iron Casting
38:57 Chain Barding Armor
39:41 Chemistry
39:03 Husbandry
40:28 Conscription
40:05 Stirrups
42:14 Crop Rotation
43:38 Blast Furnace
43:14 Plate Barding Armor
43:04 Cavalier
44:03 Capped Ram
44:19 Pikeman
HUSEINMACO
10:26 Feudal Age
15:54 Castle Age
14:18 Double-Bit Axe
15:24 Horse Collar
17:49 Bow Saw
17:40 Heavy Plow
21:06 Fletching
21:48 Gold Mining
22:47 Padded Archer Armor
23:46 Wheelbarrow
30:30 Imperial Age
29:05 Bodkin Arrow
30:10 Stone Mining
31:54 Stone Shaft Mining
32:30 Two-Man Saw
33:41 Crop Rotation
33:37 Conscription
34:37 Chemistry
33:57 Ballistics
33:56 Leather Archer Armor
35:33 Wheelbarrow
37:01 Hoardings
36:32 Bracer
37:19 Conscription
38:22 Ring Archer Armor
38:46 Bloodlines
37:57 Cavalier
38:46 Scale Barding Armor
38:52 Forging
39:49 Hand Cart
39:21 Town Watch
39:23 Loom
43:13 Iron Casting
43:46 Chain Barding Armor
43:41 Masonry
45:22 Blast Furnace
Connection lost

Rejoining the realm…

Still unreachable

The connection could not be restored.

Session expired

The server has moved on; the page needs a fresh start.